Map: King's Cove LE

Players

DisK - Winner!

  • Race: Protoss Protoss
  • League: Grandmaster
  • Spawn Location: 5:00

VOD

Have the link to the VOD?

Description

Time

  • Played on: May 18, 2019, 2:49 p.m.
  • Length: 11:34
Show
View Real Time Build Order
Export as new Build Order

DisK Protoss - Winner!

Build Orders: 1 Gate Expand, Phoenix Opening, Blink Stalkers 

Get SALT Encoding   

  12  0:02  Probe  
  12  0:14  Probe  
  12  0:19  Pylon  
  12  0:26  Probe  
  12  0:35  Probe  
  12  0:39  Gateway  
  12  0:43  Probe  
  12  0:48  Assimilator  
  12  0:52  Probe  
  12  1:04  Probe  
  12  1:16  Probe  
  12  1:26  Nexus  
  12  1:36  Cybernetics Core  
  12  1:39  Probe  
  12  1:45  Assimilator  
  12  1:51  Probe  
  12  1:56  Pylon  
  12  2:03  Probe  
  12  2:04  Adept  
  12  2:12  Warp Gate  
  12  2:16  Probe  
  12  2:26  Sentry  
  12  2:29  Probe  
  12  2:37  Probe  
  12  2:38  Twilight Council  
  12  2:41  Probe  
  12  2:45  Probe  
  12  2:51  Stalker  
  12  2:53  Probe  
  12  2:54  Blink  
  12  2:55  Probe  
  12  3:01  Phoenix  
  12  3:05  Probe  
  12  3:10  Probe  
  12  3:12  Gateway  
  12  3:15  Gateway  
  12  3:19  Probe  
  12  3:27  Probe  
  12  3:32  Probe  
  12  3:34  Pylon  
  12  3:39  Robotics Facility  
  12  3:42  Probe  
  12  3:44  Probe  
  12  3:54  Probe  
  12  3:56  Probe  
  12  3:57  Assimilator  
  12  4:01  Stalker  
  12  4:06  Probe  
  12  4:07  Stalker  
  12  4:09  Probe  
  12  4:10  Pylon  
  12  4:12  Stalker  
  12  4:18  Probe  
  12  4:20  Pylon  
  12  4:28  Observer, Probe  
  12  4:32  Probe  
  12  4:37  Stalker x2  
  12  4:45  Nexus  
  12  4:48  Pylon  
  12  4:51  Probe x2  
  12  4:52  Observer  
  12  4:54  Sentry  
  12  5:04  Forge  
  12  5:05  Forge  
  12  5:06  Charge  
  12  5:09  Probe x2  
  12  5:23  Immortal, Probe x2  
  12  5:24  Protoss Ground Armor Level 1, Protoss Ground Weapons Level 1  
  12  5:31  Gateway  
  12  5:32  Gateway  
  12  5:42  Gateway  
  12  5:46  Gateway  
  12  5:51  Gateway  
  12  5:54  Zealot  
  12  5:57  Probe x2  
  12  6:00  Zealot  
  12  6:06  Sentry  
  12  6:10  Probe x2  
  12  6:11  Probe  
  12  6:14  Pylon  
  12  6:15  Pylon  
  12  6:20  Stalker  
  12  6:21  Zealot  
  12  6:25  Probe x3  
  12  6:32  Immortal  
  12  6:37  Zealot x2  
  12  6:39  Zealot  
  12  6:43  Probe x3  
  12  6:49  Pylon  
  12  6:50  Pylon  
  12  6:55  Probe  
  12  6:57  Probe x2  
  12  7:03  Assimilator  
  12  7:04  Assimilator  
  12  7:05  Assimilator  
  12  7:08  Templar Archives, Zealot x3  
  12  7:10  Zealot  
  12  7:13  Protoss Ground Weapons Level 2, Protoss Ground Armor Level 2  
  12  7:18  Probe x3  
  12  7:28  Pylon  
  12  7:30  Zealot x3  
  12  7:34  Psionic Storm  
  12  7:35  Pylon  
  12  7:49  Warp Prism  
  12  7:52  High Templar x2  
  12  7:55  Pylon  
  12  7:57  Nexus  
  12  7:59  Pylon  
  12  8:02  High Templar  
  12  8:04  Zealot x2  
  12  8:06  Zealot  
  12  8:11  Stalker  
  12  8:20  Gateway  
  12  8:21  Pylon, High Templar, Gateway  
  12  8:24  High Templar  
  12  8:28  Stalker  
  12  8:29  Zealot x2  
  12  8:31  Stalker  
  12  8:40  Probe x3  
  12  8:43  Robotics Facility  
  12  8:47  Robotics Bay  
  12  8:52  Stalker, Zealot x3  
  12  9:01  Assimilator  
  12  9:03  Assimilator  
  12  9:13  Pylon  
  12  9:15  Stalker x2  
  12  9:16  Stalker, Zealot x3  
  12  9:26  Colossus  
  12  9:30  Colossus  
  12  9:45  Pylon  
  12  9:47  Pylon, Extended Thermal Lance  
  12  10:04  Photon Cannon  
  12  10:05  Photon Cannon  
  12  10:06  Pylon  
  12  10:08  Photon Cannon  
  12  10:11  Photon Cannon  
  12  10:15  Pylon  
  12  10:19  High Templar  
  12  10:22  Zealot x3  
  12  10:23  Zealot  
  12  10:24  Pylon  
  12  10:27  Stalker  
  12  10:28  Observer  
  12  10:29  Stalker  
  12  10:34  Pylon  
  12  10:43  Nexus  
  12  10:44  Pylon  
  12  10:48  Assimilator  
  12  10:53  Assimilator  
  12  10:55  Pylon  
  12  11:12  Dark Shrine  
  12  11:13  Stargate  
  12  11:18  Photon Cannon  
Tags
 
Add a new tag
Caveats
  • Supply blocks, unpowered buildings, or Contaminate may cause inaccurate times.
  • Supply counts are checked every 10 seconds.